Description

Standard fast 3rd Opening along the lines of

  • Hatch Gas Pool
  • 32 3rd base
  • 31 overlord
  • 34 3rd queen
  • 36 overlord

Vs SG timings

  • 3:45 spores + 4th queen
  • 4:40 (63 supply) Lair + RW
  • 4:50 3xgases

Back to normal build

  • @RW - build 10 roaches for safety (scout to see if you can skimp/skip on these for bonus points)
  • Roach speed asap
  • 5th + 6th queen
  • Drone 3rd base to 10 drones on minerals and both gases taken
  • Infestation pit + Evo chamber for +1, +2 range and 16 SH

VOD

https://youtu.be/QG6v720To50

Replay - zvp roach queen SH style - weekly build

Build Order

Get SALT Encoding   

  12  0:02  Drone  
  13  0:13  Overlord  
  13  0:17  Drone  
  14  0:31  Drone x3  
  17  0:52  Hatchery  
  17  0:55  Drone x2  
  18  1:08  Extractor  
  17  1:13  Spawning Pool  
  17  1:15  Drone x2  
  18  1:33  Drone  
  19  1:41  Overlord  
  20  2:02  Queen x2  
  20  2:03  Zergling x4  
  26  2:11  Metabolic Boost  
  28  2:32  Hatchery  
  28  2:43  Zergling x2  
  30  2:52  Overlord  
  30  2:58  Queen  
  36  3:10  Overlord  
  38  3:31  Zergling x2  
  41  3:40  Spore Crawler  
  45  3:57  Spore Crawler  
  45  4:02  Overlord  
  48  4:05  Spore Crawler  
  56  4:25  Spore Crawler, Extractor  
  53  4:37  Queen  
  63  4:40  Lair  
  63  4:41  Roach Warren  
  63  4:43  Extractor x3  
  59  4:48  Queen  
  67  5:28  Evolution Chamber, Extractor  
  70  5:38  Glial Reconstitution  
  70  5:40  Roach x9  
  70  5:41  Overseer x2  
  88  5:46  Roach  
  92  5:53  Infestation Pit  
  95  6:16  Queen x3  
  95  6:20  Zerg Missile Weapons Level 1  
  105  6:46  Swarm Host x4  
  117  7:03  Extractor  
  121  7:14  Hatchery  
  120  7:17  Swarm Host x5  
  135  7:23  Swarm Host  
  138  7:34  Spine Crawler x2  
  153  7:39  Ravager  
  160  7:51  Ravager x2  
  162  8:00  Ravager  
  181  8:35  Extractor  
  182  8:41  Ravager x3, Extractor  
  182  8:42  Zergling x12  
  197  8:58  Spine Crawler x4  
  189  9:04  Zerg Missile Weapons Level 2  
  170  9:30  Ravager  
  192  9:52  Hive  
  192  9:55  Queen, Spire  
Spawning Tool Build Advisor. Get it on Overwolf

Analysis

  • This writeup and replay shows the branch of the opening vs ORACLE FIRST SG where I get fast spores and delay RW, Lair and gases. If you are vs a robo or Twilight opening you will delay spores to 4:30+ or skip entirely and speed up RW/Lair/3 gases to about 3:45.
  • Spread creep through the middle as a big focus.
  • Bring an overseer with your creep queens to snipe observer if you can
  • ON large maps you may have to rely on nydus to get SH across the map

Go to:

Details

  • Created by: PiG      
  • Published on: Aug 22, 2019
  • Patch: 4.7.1
Show
View Real Time Build Order
Export as new Build Order

Comments (0)

There are no comments. Be the first!

Create an account to comment!